 Dungeon Crawl Stone Soup version 0.32-a0-128-g77eb882913 (webtiles) character file.

Game seed: 3468596112408334581

432 GordonOverkill the Sneak (level 6, -7/26 HPs)
             Began as a Spriggan Delver on Feb 8, 2024.
             Was a Believer of Wu Jian.
             Killed from afar by a steam dragon (12 damage)
             ... with a ball of steam
             ... on level 6 of the Dungeon.
             The game lasted 00:12:38 (3982 turns).

GordonOverkill the Sneak (Spriggan Delver)          Turns: 3982, Time: 00:12:39

Health: -7/26      AC:  1    Str: 10    XL:     6   Next: 67%
Magic:  7/7        EV: 21    Int: 11    God:    Wu Jian [**....]
Gold:   217        SH:  0    Dex: 17    Spells: 5/5 levels left

rFire   . . .        j - melded +1 short sword (drain)
rCold   . . .        (shield currently unavailable)
rNeg    . . .        b - melded +1 robe
rPois   .            (helmet restricted)
rElec   .            k - +0 cloak
rCorr   .            (gloves unavailable)
SInv    +            (boots unavailable)
Will    +....        (no amulet)
Stlth   ++           d - ring of flight
HPRegen 0.24/turn    (no ring)
MPRegen 0.10/turn

%: no passive effects
@: flux-form, marked, flying, hasted, glowing, very quick
A: glow, contaminating, reduced hp, very small, no large weapons, unfitting
armour, see invisible, speed 3
a: Begin Untransformation, Renounce Religion, Wall Jump


You were on level 6 of the Dungeon.
You worshipped Wu Jian.
Wu Jian was pleased with you.
You were something dangerously unstable.
You visited 1 branch of the dungeon, and saw 6 of its levels.

You collected 217 gold pieces.

Inventory:

Hand Weapons
 a - a +0 short sword
 h - a +0 dagger
 j - a +1 short sword of draining (melded)
Armour
 b - a +1 robe (melded)
 k - a +0 cloak (worn)
Jewellery
 d - a ring of flight (left hand)
Talismans
 i - a flux talisman (active)
Wands
 g - a wand of digging (3)
Scrolls
 c - 2 scrolls of fog
Potions
 e - 2 potions of curing
 n - a potion of brilliance
 o - a potion of lignification {unknown}
 r - a potion of berserk rage {unknown}


   Skills:
 - Level 4.0 Fighting
 - Level 2.1 Short Blades
 - Level 2.6 Dodging
 - Level 7.2 Stealth
 + Level 3.0 Unarmed Combat
 - Level 5.0 Shapeshifting


You had 5 spell levels left.
You didn't know any spells.
Your spell library was empty.

Dungeon Overview and Level Annotations

Branches:
Dungeon (6/15)
 Temple: D:4-7

Altars:
Cheibriados
Dithmenos
Trog
Wu Jian

Annotations:
D:3 2 transporters, Drangen's ghost, amateur HOMo
D:4 Dowan; Duvessa
D:5 3 runed translucent doors, Menkaure
D:6 exclusion: steam dragon


Innate Abilities, Weirdness & Mutations

You are something dangerously unstable.
You glow with magical radiation, making you easy to see and hit.
Foes you strike become dangerously contaminated with magical radiation.
Your maximum health is decreased, since you lack skill for your form.
You are incapable of wielding weapons or throwing items.
You are very small and have problems with some larger weapons.
You are too small for most types of armour.
You have supernaturally acute eyesight. (SInv)
You cover ground extremely quickly. (Speed+++)


Message History

An orc priest comes into view. It is wielding a +0 hand axe.
An orc priest is nearby!
An orc priest is nearby!
You start waiting.
An orc is nearby!
An orc wizard and an orc come into view.
The orc wizard cheers loudly.
The orc wizard casts a spell.
The orc wizard flickers and vanishes for a moment.
An orc is nearby!
An orc is nearby!
As you read the scroll of identify, it crumbles to dust.
n - a potion of brilliance What are your orders? t - Shout!
Orders for allies: a - Attack new target. r - Retreat! s - Stop attacking. g - Guard the area. f - Follow me.
Anything else - Cancel.
Okay, then.
An orc comes into view. It is wielding a +0 whip.
The orc priest hits you with a +0 hand axe!
An orc comes into view. It is wielding a +0 hand axe.
You barely miss the orc priest. The orc priest completely misses you.
You hit the orc priest.
The orc priest begins to glow.
The orc priest is lightly wounded.
The orc priest hits you with a +0 hand axe.
* * * LOW HITPOINT WARNING * * *
The orc closely misses you.
You hit the orc priest but do no damage.
The orc priest glows dangerously bright.
The orc priest is lightly wounded.
The orc closely misses you. The orc barely misses you.
The orc priest hits you with a +0 hand axe!
* * * LOW HITPOINT WARNING * * *
Okay, then.
You feel yourself speed up. The orc barely misses you.
The steam dragon breathes steam at you. The ball of steam hits you!
You die...

o.# #.... #.####### ####..
#..........#..#..
#..........#..#..
#.o.....ß.#..#ß..
#o......##..###..
#...........#.#..
#################oo..............
..........D...§§po.###+##...#..##
.................o.#...###...#..#
...................#...#ß##.##ß.#
...................'...#....#...#
...................#...###'###'##
###########'#....###...##..##....
#.......#...'....#..........#....
#.......#...#....#..........#....
#...)...#...#....#..........#....


You could see an orc priest (heavy contam), an orc wizard (invisible) and 4
orcs.

Vanquished Creatures
  2 scorpions (D:6)
  2 hounds (D:4)
  2 orc priests
  An iguana (D:4)
  An orc wizard (D:6)
  A gnoll (D:4)
  An adder (D:3)
  2 shadow imps (D:6)
  5 dart slugs
  A ribbon worm (D:3)
  11 orcs
  7 bats
  7 endoplasms
  A giant cockroach (D:2)
  10 goblins
  5 hobgoblins
  5 jackals
  2 quokkas
  8 ball pythons
  3 frilled lizards
  10 kobolds
  5 rats
92 creatures vanquished.

Notes
Turn   | Place    | Note
-------+----------+-------------------------------------------
     0 | D:5      | GordonOverkill the Spriggan Delver began the quest for the
                  | Orb.
     0 | D:5      | Reached XP level 1. HP: 11/11 MP: 2/2
    11 | D:5      | Noticed a scorpion
    20 | D:5      | Noticed a sleepcap
    30 | D:6      | Noticed a black bear
    34 | D:5      | Noticed a gnoll bouda
    41 | D:5      | Noticed an orc wizard
    74 | D:4      | Noticed an orc wizard
   124 | D:5      | Found a runed translucent gate.
   124 | D:5      | Found a runed translucent gate.
   124 | D:5      | Found a runed translucent gate.
   125 | D:5      | Noticed a jelly
   149 | D:4      | Reached skill level 1 in Shapeshifting
   192 | D:4      | Reached XP level 2. HP: 13/16 MP: 3/3
   243 | D:4      | Reached skill level 1 in Unarmed Combat
   264 | D:4      | Noticed Duvessa
   264 | D:4      | Noticed Dowan
   445 | D:4      | Reached XP level 3. HP: 17/19 MP: 4/4
   561 | D:3      | Found a shadowy altar of Dithmenos.
   757 | D:4      | Found an ornate altar of the Wu Jian Council.
   761 | D:4      | Reached XP level 4. HP: 23/23 MP: 5/5
   775 | D:4      | Became a worshipper of the Wu Jian Council
   836 | D:3      | Found a transporter.
   836 | D:3      | Noticed Drangen's ghost (amateur HOMo)
   871 | D:3      | Found a faded altar of an unknown god.
  1095 | D:1      | Reached XP level 5. HP: 27/27 MP: 6/6
  1372 | D:1      | Reached * piety under Wu Jian
  1861 | D:2      | Reached skill level 5 in Shapeshifting
  2125 | D:2      | Found a bloodstained altar of Trog.
  2422 | D:3      | Found a transporter.
  2592 | D:3      | Found a snail-covered altar of Cheibriados.
  3391 | D:5      | Noticed Menkaure
  3411 | D:6      | Reached XP level 6. HP: 12/33 MP: 7/7
  3558 | D:6      | Reached ** piety under Wu Jian
  3956 | D:6      | Noticed a steam dragon
  3982 | D:6      | Killed from afar by a steam dragon

Illustrated notes

Levels and vault maps discovered:
D:1:      saegor_arrival_simple_a, layout_basic, serial_forest,
          infiniplex_forest_zigzag_1, infiniplex_forest_lined_2,
          infiniplex_forest_clump_tiny, infiniplex_forest_lined_3
D:2:      layout_basic, basic_altar, kennysheep_generic_room_8
D:3:      layout_basic, mainiacjoe_overflow_boulevard,
          nicolae_dithmenos_shadow_blocks, gammafunk_ghost_arena,
          ebering_ecumenical_altar_hall
D:4:      layout_basic, lemuel_crystal_altar, serial_bayou_lagoon_b,
          uniq_duvessa
D:5:      layout_rooms, kiku_gazebo_pond_becter, minmay_temple_entry_hall,
          gammafunk_ghost_icy, dreamdust_gnoll_farm, uniq_menkaure,
          uniq_eustachio, uniq_sigmund
D:6:      layout_gridville, lightli_ossuary_entry_decrepit_ruins,
          nicolae_zen_rock_garden, uniq_pikel, uniq_crazy_yiuf_cottage

Skill      XL: |  1  2  3  4  5  6 |
---------------+-------------------+-----
Shapeshifting  | 1 2 3 4 5 |  5.0
Unarmed Combat | 1 2 3 |  3.0
Fighting       | 3 4 |  4.0
Short Blades   | |  2.1
Dodging        | |  2.6
Stealth        | |  7.2

Action                     |  1- 3 |  4- 6 || total
---------------------------+-------+-------++-------
  Melee: Dagger            |    36 |       ||    36
         Short sword       |    59 |    30 ||    89
         Punch             |     2 |     1 ||     3
         Unarmed           |       |   179 ||   179
Ability: Lunge             |       |    15 ||    15
         Whirlwind         |       |     4 ||     4
    Use: Scroll            |     2 |     7 ||     9
         Potion            |       |     3 ||     3
   Stab: Sleeping          |     8 |    11 ||    19
 Armour: Robe              |    26 |    11 ||    37
         Skin              |       |    42 ||    42
  Dodge: Dodged            |    60 |   160 ||   220
   Form: Flux              |       |     1 ||     1

Table legend: (Time is in decaauts)
 A = Elapsed time spent in this place.
 B = Non-inter-level travel time spent in this place.
 C = Inter-level travel time spent in this place.
 D = Time resting spent in this place.
 E = Time spent auto-exploring this place.
 F = Levels seen in this place.
 G = Mean time per level.
                   A        B        C        D        E       F      G
               +--------+--------+--------+--------+--------+-----+--------+
         Total |   2831 |   2672 |    159 |    575 |   1156 |   6 |  471.8 |
       Dungeon |   2831 |   2672 |    159 |    575 |   1156 |   6 |  471.8 |
               +--------+--------+--------+--------+--------+-----+--------+

Top non-repeatable levels by time:
     D:3: 787 daAuts
     D:1: 523 daAuts
     D:4: 504 daAuts
     D:6: 494 daAuts
     D:2: 445 daAuts
     D:5: 75 daAuts
